 Dungeon Crawl Stone Soup version bcrawl-1.31.3 (webtiles) character file.

Game seed: 4021911663143071132

91257 Verminor the Firebug (level 4, 0/35 HPs)
             Began as a Demigod Fire Elementalist on Apr 15, 2021.
             Succumbed to a worker ant's poison
             ... on level 3 of the Dungeon.
             The game lasted 00:33:35 (3176 turns).

Verminor the Firebug (Demigod Fire Elementalist)    Turns: 3176, Time: 00:33:36

Health: 0/35       AC:  6    Str: 12    XL:     4   Next: 32%
Magic:  10/10      EV: 12    Int: 21    God:    Demigod [*.....]
Gold:   266        SH:  0    Dex: 17    Spells: 6/7 levels left

rFire    . . .     SeeInvis .   p - +0 short sword
rCold    . . .     Gourm    .   (no shield)
rNeg     . . .     Faith    .   l - +0 leather armour
rPois    .         Spirit   .   (no helmet)
rElec    .         Reflect  .   (no cloak)
rCorr    .         Harm     .   (no gloves)
MR       .....                  (no boots)
Stlth    ++........             (no amulet)
HPRegen  0.11/turn              a - +3 ring of protection
MPRegen  0.12/turn              (no ring)

@: lethally poisoned (0 -> -5), sluggish, very slow
A: high mp 1
a: Temporal Distortion


You were on level 3 of the Dungeon.
You worshipped Demigod.
Demigod was aware of your devotion.
You were not hungry.

You visited 1 branch of the dungeon, and saw 4 of its levels.

You collected 266 gold pieces.

Inventory:

Hand Weapons
 m - a +0 dagger
 p - a +0 short sword (weapon)
Missiles
 c - 1083 stones (quivered)
Armour
 l - a +0 leather armour (worn)
Jewellery
 a - a +3 ring of protection (left hand)
Scrolls
 d - a scroll of fog {unknown}
 f - a scroll of noise {unknown}
 g - 2 scrolls of remove curse
 h - a scroll of teleportation {unknown}
 j - 4 scrolls of enchant weapon {unknown}
 k - a scroll of fear {unknown}
 o - a scroll of amnesia {unknown}
Comestibles
 e - 6 rations {!d}


   Skills:
 + Level 1.4 Fighting
 - Level 1.7 Dodging
 - Level 2.0 Stealth
 + Level 2.3 Spellcasting
 + Level 1.8 Conjurations
 + Level 3.2 Fire Magic
 + Level 1.6 Invocations


You had 6 spell levels left.
You knew the following spells:

 Your Spells              Type           Power        Failure   Level  Hunger
a - Flame Tongue          Conj/Fire      ##...        6%          1    None

Your spell library contained the following spells:

 Spells                   Type           Power        Failure   Level  Hunger
 Flaming Arrows           Chrm/Fire      #.......     14%         2    ##.....
 Conjure Flame            Conj/Fire      ##......     19%         3    ####...
 Inner Flame              Hex/Fire       N/A          28%         3    ####...
 Sticky Flame             Conj/Fire      ##......     54%         4    ######.
 Fireball                 Conj/Fire      ##........   87%         5    #######


Dungeon Overview and Level Annotations

Branches:
Dungeon (4/12)
 Temple: D:4-7

Annotations:
D:3 Jessica


Innate Abilities, Weirdness & Mutations

You have an increased reservoir of magic. (+10% MP)


Message History

You closely miss the worker ant. The worker ant barely misses you.
You hit the worker ant.
The worker ant is moderately wounded.
* * * LOW HITPOINT WARNING * * *
You feel sick. The worker ant barely misses you. The worker ant bites you.
* * * LOW HITPOINT WARNING * * *
You hit the worker ant.
The worker ant is moderately wounded.
The worker ant barely misses you.
You hit the worker ant.
The worker ant is moderately wounded.
* * * LOW HITPOINT WARNING * * *
You feel sick. The worker ant barely misses you.
You hit the worker ant but do no damage.
The worker ant is moderately wounded.
The worker ant misses you. The worker ant barely misses you.
You barely miss the worker ant.
The worker ant is moderately wounded.
You die...
Your divinity fades.

#.# #.# +.............. #.#
##.....>....... #.#
..............#### #.# ........
....+.>. #####.# ....... ...##.#
#.#.#.#
.....5######...#.##########.#...#
......##.....#.#@a............#.#
...............#..#######('._.'.#
...)..##.####.....# ###...#.#
.......#.# #.#...# #.#.#.#
...###+#.# #.#...# #.#.#.# ...#
..# #.#...# #####.# ...# ..#
#.##..# #.# ...# ...# #.##..# #.#
...# ...# #.##..# #.#


You could see a worker ant.

Vanquished Creatures
  3 gnolls (D:2)
  2 adders (D:2)
  A dart slug (D:3)
  2 leopard geckos (D:3)
  2 orcs
  2 giant cockroaches
  9 goblins
  A hobgoblin (D:2)
  3 jackals (D:1)
  A quokka (D:3)
  A bat (D:1)
  A frilled lizard (D:2)
  4 kobolds
  6 rats
38 creatures vanquished.

Notes
Turn   | Place    | Note
-------+----------+-------------------------------------------
     0 | D:1      | Verminor the Demigod Fire Elementalist began the quest for
                  | the Orb.
     0 | D:1      | Reached XP level 1. HP: 14/14 MP: 5/5
    39 | D:1      | Reached skill level 1 in Conjurations
   105 | D:1      | Reached XP level 2. HP: 22/22 MP: 5/7
   594 | D:2      | Reached skill level 1 in Fighting
   594 | D:2      | Reached skill level 3 in Fire Magic
   634 | D:2      | Reached * piety under Demigod
   635 | D:2      | Reached XP level 3. HP: 28/28 MP: 6/8
   875 | D:2      | Reached skill level 1 in Invocations
  1035 | D:2      | Reached XP level 4. HP: 30/35 MP: 4/10
  1514 | D:3      | Noticed Jessica
  1604 | D:3      | Found a shimmering altar of Xom.
  3174 | D:3      | HP: 1/35 [poisoned by a worker ant]
  3176 | D:3      | Succumbed to a worker ant's poison

Skill      XL: |  1  2  3 |
---------------+----------+-----
Conjurations   | 1 |  1.8
Spellcasting   | 2 |  2.3
Fighting       | 1 |  1.4
Fire Magic     | 3 |  3.2
Invocations    | 1 |  1.6
Dodging        | |  1.7
Stealth        | |  2.0

Action                   |  1- 3 |  4- 6 || total
-------------------------+-------+-------++-------
Melee: Dagger            |       |    46 ||    46
       Short sword       |       |    10 ||    10
 Cast: Flame Tongue      |    47 |    19 ||    66
  Use: Scroll            |     3 |     1 ||     4
       Potion            |       |     4 ||     4
 Stab: Sleeping          |       |     2 ||     2
  Eat: Chunk             |     1 |     3 ||     4
       Ration            |       |     2 ||     2
Armor: Robe              |     2 |       ||     2
       Leather armour    |     1 |    24 ||    25
Dodge: Dodged            |    29 |    49 ||    78
